Map: Jagannatha LE

Players

Neeb

  • Race: Protoss Protoss
  • Spawn Location: 1:00

Serral - Winner!

  • Race: Zerg Zerg
  • Spawn Location: 7:00

Event: DreamHack SC2 Masters 2020 Winter

VOD

Have the link to the VOD?

Description

Time

  • Played on: Nov. 15, 2020, 8:15 a.m.
  • Length: 11:42

All games in this series

Show
View Real Time Build Order
Export as new Build Order

Neeb Protoss 

Build Orders: Oracle Opening, Archon Immortal 

Get SALT Encoding   

  12  0:00  Probe  
  13  0:12  Probe  
  14  0:20  Pylon  
  14  0:24  Probe  
  15  0:38  Probe (Chrono Boost)  
  15  0:40  Gateway  
  16  0:48  Probe (Chrono Boost)  
  17  0:50  Assimilator  
  17  0:53  Probe (Chrono Boost)  
  18  1:04  Probe  
  19  1:16  Probe  
  20  1:19  Pylon  
  20  1:26  Pylon  
  20  1:27  Zealot (Chrono Boost)  
  20  1:29  Cybernetics Core  
  22  1:35  Gateway  
  22  1:40  Probe  
  22  1:46  Zealot (Chrono Boost)  
  25  2:10  Adept (Chrono Boost)  
  27  2:17  Shield Battery  
  23  2:25  Nexus  
  23  2:27  Pylon  
  23  2:33  Adept  
  23  2:34  Probe  
  26  2:40  Assimilator  
  26  2:46  Probe  
  27  2:51  Stargate  
  27  2:58  Probe  
  27  3:03  Adept  
  30  3:11  Probe  
  31  3:13  Warp Gate  
  31  3:23  Gateway, Probe  
  32  3:36  Oracle (Chrono Boost)  
  32  3:38  Probe (Chrono Boost)  
  32  3:40  Probe (Chrono Boost)  
  37  3:47  Probe (Chrono Boost)  
  39  3:50  Probe (Chrono Boost)  
  39  3:52  Probe (Chrono Boost)  
  38  3:59  Probe  
  38  4:00  Void Ray (Chrono Boost)  
  37  4:04  Probe  
  42  4:11  Probe  
  42  4:17  Probe  
  44  4:23  Gateway, Probe  
  45  4:29  Probe  
  46  4:35  Oracle  
  46  4:36  Probe  
  50  4:38  Pylon  
  50  4:41  Probe  
  51  4:48  Probe  
  51  4:50  Pylon  
  52  4:54  Nexus  
  52  4:56  Pylon  
  52  4:58  Probe  
  53  5:02  Adept  
  53  5:03  Adept  
  53  5:05  Probe  
  58  5:09  Assimilator  
  58  5:11  Assimilator, Probe  
  59  5:17  Probe  
  59  5:19  Shield Battery  
  59  5:20  Adept  
  62  5:23  Probe  
  62  5:25  Adept  
  62  5:28  Adept  
  67  5:31  Probe  
  68  5:36  Probe  
  68  5:37  Robotics Facility  
  69  5:43  Probe  
  69  5:46  Adept x2  
  74  5:50  Adept  
  74  5:51  Probe (Chrono Boost)  
  74  5:54  Pylon  
  77  5:58  Pylon  
  77  5:59  Probe (Chrono Boost)  
  78  6:07  Forge, Probe (Chrono Boost)  
  78  6:09  Probe (Chrono Boost)  
  78  6:10  Twilight Council  
  80  6:14  Probe (Chrono Boost)  
  80  6:16  Probe (Chrono Boost)  
  80  6:17  Sentry x2  
  87  6:19  Probe (Chrono Boost)  
  87  6:22  Sentry  
  87  6:23  Probe (Chrono Boost)  
  87  6:24  Probe (Chrono Boost)  
  91  6:29  Probe (Chrono Boost)  
  94  6:33  Probe x2 (Chrono Boost)  
  94  6:34  Assimilator  
  94  6:35  Assimilator, Pylon  
  95  6:41  Protoss Ground Weapons Level 1 (Chrono Boost), Probe (Chrono Boost)  
  95  6:42  Probe (Chrono Boost)  
  95  6:43  Probe (Chrono Boost)  
  95  6:46  Pylon  
  97  6:47  Charge, Probe  
  97  6:50  Probe  
  97  6:53  Probe  
  100  6:59  Probe  
  101  7:01  Immortal (Chrono Boost)  
  101  7:02  Probe, Templar Archives  
  101  7:06  Gateway  
  101  7:07  Gateway  
  106  7:10  Pylon  
  106  7:11  Pylon  
  106  7:12  Probe  
  107  7:17  Probe  
  108  7:27  Gateway  
  108  7:29  Gateway  
  108  7:31  Immortal (Chrono Boost)  
  108  7:32  Gateway  
  112  7:40  Photon Cannon x2  
  112  7:41  Photon Cannon  
  112  7:42  High Templar  
  112  7:43  High Templar  
  116  7:46  High Templar  
  119  7:59  Observer (Chrono Boost)  
  119  8:01  High Templar  
  119  8:02  Zealot  
  123  8:07  Shield Battery  
  123  8:08  Shield Battery  
  123  8:09  Archon x2  
  123  8:10  Shield Battery  
  123  8:12  Immortal (Chrono Boost)  
  127  8:13  Pylon  
  127  8:14  Pylon, Zealot  
  127  8:22  Probe  
  127  8:26  Probe  
  114  8:36  Zealot x2  
  114  8:38  High Templar  
  114  8:39  High Templar, Zealot x4  
  114  8:40  Immortal (Chrono Boost)  
  134  8:45  Archon  
  130  9:06  Zealot x6  
  132  9:12  Immortal (Chrono Boost)  
  136  9:21  High Templar x2  
  124  9:30  High Templar, Archon  
  124  9:31  High Templar, Zealot x4  
  132  9:35  Gateway  
  132  9:36  Archon  
  132  9:38  Gateway  
  134  9:39  Gateway  
  134  9:43  Immortal (Chrono Boost)  
  134  9:44  Pylon  
  138  9:48  Pylon, Probe x2  
  140  9:57  Zealot x5  
  144  10:10  Zealot x2  
  144  10:12  Immortal (Chrono Boost)  
  142  10:19  Zealot x4  
  140  10:40  Zealot x8  
  140  10:41  Zealot  
  140  10:46  Immortal (Chrono Boost)  
  140  10:48  Nexus  
  121  11:06  Templar Archives  
  121  11:07  Zealot x4, Sentry x3  
  121  11:08  Zealot x2  
  130  11:37  Nexus  
Show
View Real Time Build Order
Export as new Build Order

Serral Zerg - Winner!

Build Orders: Pool First, Swarm Host 

Get SALT Encoding   

  12  0:17  Spawning Pool  
  11  0:21  Drone  
  11  0:26  Drone  
  13  0:30  Drone  
  14  0:39  Overlord  
  14  1:03  Queen, Zergling x4  
  18  1:05  Zergling x2  
  19  1:16  Zergling x2  
  20  1:28  Zergling x2  
  21  1:35  Hatchery  
  20  1:42  Overlord  
  20  1:54  Queen  
  22  2:01  Drone  
  22  2:04  Drone  
  24  2:10  Drone  
  24  2:11  Drone  
  24  2:15  Drone  
  26  2:21  Drone  
  26  2:23  Drone  
  27  2:33  Queen  
  29  2:40  Overlord  
  29  2:47  Drone x3  
  32  2:51  Drone  
  32  2:54  Drone  
  34  3:01  Extractor  
  34  3:05  Drone x2  
  35  3:15  Drone  
  35  3:16  Drone  
  37  3:20  Hatchery  
  37  3:24  Overlord  
  37  3:26  Drone  
  37  3:29  Drone  
  37  3:32  Zergling x2  
  39  3:38  Zergling x2  
  39  3:39  Drone  
  39  3:41  Drone  
  42  3:43  Drone x2  
  42  3:45  Drone  
  42  3:47  Drone  
  46  3:52  Drone  
  46  3:55  Drone x3  
  48  4:04  Spore Crawler  
  48  4:05  Queen  
  48  4:09  Spore Crawler  
  47  4:11  Metabolic Boost  
  47  4:14  Drone  
  48  4:18  Queen  
  48  4:21  Overlord  
  50  4:25  Drone  
  50  4:28  Overlord  
  51  4:32  Queen  
  51  4:34  Drone  
  51  4:35  Drone  
  51  4:37  Drone  
  56  4:39  Drone  
  56  4:44  Drone x2, Spore Crawler  
  58  4:47  Drone x2  
  58  4:49  Drone  
  61  4:53  Overlord  
  61  4:55  Zergling x2  
  61  4:58  Drone x2  
  64  5:01  Drone  
  64  5:05  Lair  
  65  5:11  Roach Warren  
  65  5:13  Zergling x2  
  65  5:14  Drone x2  
  67  5:16  Drone x2  
  67  5:20  Drone x2, Extractor x2  
  69  5:22  Extractor, Overlord  
  69  5:24  Drone  
  69  5:25  Drone  
  69  5:27  Drone  
  71  5:30  Drone  
  71  5:31  Drone  
  71  5:32  Drone, Evolution Chamber  
  71  5:35  Drone  
  73  5:44  Drone, Zergling x2  
  73  5:45  Drone x4  
  73  5:48  Drone x4  
  81  5:53  Extractor, Overlord  
  81  5:54  Overlord  
  81  5:55  Extractor  
  81  5:56  Overlord  
  79  5:57  Drone  
  79  6:00  Zerg Missile Weapons Level 1  
  79  6:02  Zergling x2  
  81  6:04  Overlord  
  81  6:10  Glial Reconstitution  
  81  6:13  Zergling x4  
  81  6:14  Zergling x4  
  85  6:21  Evolution Chamber  
  85  6:23  Roach x3  
  85  6:24  Roach  
  92  6:27  Spore Crawler  
  92  6:28  Roach x2  
  92  6:29  Drone x2  
  92  6:31  Drone x2  
  92  6:32  Drone, Infestation Pit  
  100  6:35  Drone x3  
  103  6:43  Drone  
  104  6:49  Overlord  
  104  6:51  Overlord  
  101  6:56  Hatchery  
  101  6:57  Drone  
  101  7:03  Nydus Network  
  101  7:05  Overlord x3  
  100  7:19  Swarm Host x7  
  121  7:26  Swarm Host x3  
  130  7:31  Swarm Host  
  130  7:32  Swarm Host x2  
  139  7:38  Overlord  
  139  7:39  Overlord  
  139  7:40  Roach x2  
  139  7:42  Nydus Canal  
  143  7:45  Roach x2  
  143  7:47  Ravager x2  
  143  7:50  Drone  
  143  7:51  Drone x3  
  153  7:56  Overlord x3  
  153  8:00  Nydus Canal  
  153  8:01  Overlord  
  153  8:07  Roach x4  
  153  8:10  Zerg Missile Weapons Level 2  
  161  8:15  Roach x2  
  165  8:20  Roach x2  
  165  8:21  Roach x2  
  170  8:35  Roach x9  
  170  8:39  Extractor  
  187  8:43  Nydus Canal  
  187  8:44  Ravager  
  187  8:50  Roach x4  
  187  8:51  Roach x2  
  197  9:00  Roach x3  
  197  9:01  Roach  
  200  9:08  Roach  
  198  9:13  Nydus Canal  
  198  9:17  Queen  
  193  9:19  Roach x2  
  193  9:21  Hive  
  193  9:23  Hydralisk Den  
  185  9:28  Roach x7  
  197  9:38  Roach  
  199  9:45  Spore Crawler, Overlord  
  199  9:46  Extractor  
  197  10:00  Roach  
  191  10:09  Roach x7  
  174  10:23  Roach x16  
  174  10:27  Drone  
  199  10:34  Lurker Den  
  186  10:43  Hydralisk x6  
  190  10:51  Hydralisk x4  
  186  11:04  Zergling x26  
  186  11:06  Nydus Canal  
  199  11:14  Drone  
  189  11:39  Nydus Canal  
Tags
 
Add a new tag
Caveats
  • Supply blocks, unpowered buildings, or Contaminate may cause inaccurate times.
  • Supply counts are checked every 10 seconds.